AoeStats
← FredoLeBeau

Black Forest

508703357Analyzed
4v4 RM · 9d ago on Sep 23, 2026· 62m 12s· 8 players
Game mode
Random Map
Map size
Large (8 player)
Population
200
Speed
Normal
Resources
Standard
Victory
Conquest
Starting age
Dark Age
Ending age
Imperial Age
RankedLock teamsTeams togetherTeam positionsShared explorationLock speedFull tech treeHidden civsTurbo modeCheats
Victory
Defeat
🇨🇱 Bohemians · Chile
1121
+13
🇧🇷 Cumans · Brazil
1072
+15
🇩🇪 Teutons · Germany
1044
+16
🇨🇳 Danes · China
1005
+25
🇨🇦 Tatars · Canada
1061
-16
🇲🇽 Mongols · Mexico
1050
-16
🇺🇸 Burmese · United States
1048
-15
🇬🇷 Persians · Greece
1048
-15
MiloJ
0:27 Loom
11:32 Feudal Age
12:17 Horse Collar
12:24 Double-Bit Axe
15:53 Wheelbarrow
17:34 Castle Age
18:05 Wheelbarrow
18:36 Bow Saw
18:27 Heavy Plow
19:21 Town Watch
19:55 Hand Cart
22:55 Fletching
23:22 Padded Archer Armor
25:24 Leather Archer Armor
25:58 Ballistics
25:44 Gold Mining
26:35 Bodkin Arrow
30:30 Gold Shaft Mining
30:15 Stone Mining
33:59 Imperial Age
34:36 Stone Shaft Mining
34:49 Caravan
34:52 Bracer
36:26 Chemistry
36:52 Conscription
36:57 Drill
36:45 Heavy Scorpion
38:47 Nomads
38:55 Siege Engineers
39:21 Parthian Tactics
38:17 Heavy Cavalry Archer
39:16 Capped Ram
39:39 Elite Mangudai
40:55 Siege Ram
45:14 Forging
60:52 Elite Skirmisher
Ay! Cabron
0:40 Loom
5:16 Loom
14:09 Feudal Age
15:26 Man-at-Arms
17:55 Forging
27:53 Town Watch
30:26 Castle Age
28:54 Horse Collar
35:52 Town Patrol
37:56 Wheelbarrow
38:04 Gold Mining
38:39 Husbandry
38:50 Bloodlines
40:42 Fletching
47:03 Imperial Age
47:57 Pikeman
48:57 Halberdier
50:31 Iron Casting
49:51 Bodkin Arrow
50:34 Scale Mail Armor
52:14 Onager
54:11 Blast Furnace
54:39 Bracer
55:40 Fortified Wall
56:31 Chemistry
58:03 Squires
FredoLeBeau
0:45 Loom
14:59 Feudal Age
19:55 Castle Age
19:17 Bloodlines
19:38 Double-Bit Axe
19:35 Horse Collar
22:51 Gold Mining
42:14 Elite Skirmisher
48:46 Fletching
48:57 Padded Archer Armor
49:30 Bow Saw
51:09 Scale Barding Armor
51:15 Forging
52:22 Chain Barding Armor
56:14 Imperial Age
54:26 Iron Casting
57:22 Wheelbarrow
59:50 Leather Archer Armor
59:49 Bodkin Arrow
Makis
11:45 Feudal Age
15:18 Castle Age
13:31 Double-Bit Axe
13:54 Horse Collar
16:11 Bow Saw
17:28 Wheelbarrow
23:20 Hand Cart
22:56 Loom
24:17 Gold Mining
25:55 Gold Shaft Mining
25:55 Heavy Plow
29:21 Imperial Age
26:51 Stone Mining
27:37 Scale Mail Armor
27:48 Forging
27:47 Scale Barding Armor
28:38 Stone Shaft Mining
28:30 Bloodlines
29:10 Iron Casting
28:38 Husbandry
29:47 Chain Barding Armor
29:00 Cavalier
30:45 Two-Man Saw
30:17 Crop Rotation
31:37 Blast Furnace
31:41 Masonry
31:08 Heavy Camel Rider
32:29 Savar
33:48 Plate Barding Armor
34:08 Fletching
35:25 Chemistry
34:45 Ballistics
34:57 Bodkin Arrow
35:51 Architecture
35:24 Padded Archer Armor
34:46 Light Cavalry
36:54 Leather Archer Armor
37:10 Conscription
38:22 Ring Archer Armor
38:01 Thumb Ring
38:51 Crossbowman
44:39 Kamandaran
50:55 Hoardings
56:03 Caravan
xX_Miliano_Xx
0:28 Loom
13:22 Feudal Age
13:49 Horse Collar
13:59 Double-Bit Axe
18:11 Gold Mining
22:00 Wheelbarrow
21:41 Fletching
23:52 Padded Archer Armor
27:37 Castle Age
28:11 Crossbowman
28:16 Capped Ram
28:59 Bodkin Arrow
29:20 Leather Archer Armor
28:29 Pikeman
29:09 Squires
29:56 Heavy Plow
30:36 Bow Saw
31:41 Hand Cart
33:16 Scale Mail Armor
33:27 Forging
33:13 Stone Mining
35:11 Chain Mail Armor
35:36 Iron Casting
38:38 Thumb Ring
41:41 Imperial Age
42:00 Halberdier
43:38 Plate Mail Armor
44:08 Crop Rotation
46:17 Conscription
48:07 Ring Archer Armor
47:02 Elite Skirmisher
49:11 Two-Man Saw
49:45 Ballistics
50:38 Man-at-Arms
53:24 Long Swordsman
54:59 Two-Handed Swordsman
57:24 Blast Furnace
59:48 Chemistry
59:31 Champion
61:29 Heated Shot
62:22 Gold Shaft Mining
Matches
7:59 Loom
11:10 Feudal Age
17:18 Castle Age
17:04 Double-Bit Axe
17:01 Horse Collar
17:15 Stone Mining
17:17 Gold Mining
18:27 Bow Saw
19:30 Heavy Plow
21:50 Wheelbarrow
23:18 Hand Cart
24:53 Scale Mail Armor
24:44 Fletching
26:33 Bodkin Arrow
27:17 Padded Archer Armor
27:22 Elite Skirmisher
28:51 Leather Archer Armor
29:48 Chain Mail Armor
29:44 Forging
29:44 Town Watch
31:50 Ballistics
31:41 Fortified Wall
32:29 Masonry
34:03 Iron Casting
33:35 Scale Barding Armor
34:34 Caravan
34:35 Arson
34:50 Squires
36:57 Bloodlines
37:48 Town Patrol
38:09 Chain Barding Armor
41:15 Imperial Age
41:23 Cavalier
43:09 Chemistry
43:36 Conscription
43:26 Paladin
45:14 Ring Archer Armor
45:32 Plate Barding Armor
48:12 Elite Teutonic Knight
49:41 Crop Rotation
50:13 Two-Man Saw
50:29 Blast Furnace
49:59 Plate Mail Armor
61:32 Capped Ram
62:56 Bombard Tower
62:43 Siege Engineers
Calcetin
0:28 Loom
13:19 Feudal Age
18:33 Castle Age
16:43 Horse Collar
17:02 Double-Bit Axe
18:33 Wheelbarrow
28:56 Heavy Plow
31:01 Chemistry
30:27 Pikeman
31:08 Squires
31:23 Forging
31:14 Scale Mail Armor
32:11 Bow Saw
33:53 Iron Casting
37:22 Imperial Age
37:24 Halberdier
39:06 Chain Mail Armor
45:03 Plate Mail Armor
45:34 Blast Furnace
55:34 Elite Skirmisher
beniparker
11:54 Feudal Age
12:32 Double-Bit Axe
12:26 Man-at-Arms
12:55 Horse Collar
17:10 Wheelbarrow
20:37 Castle Age
20:44 Scale Mail Armor
22:46 Forging
22:02 Long Swordsman
27:45 Hand Cart
28:52 Fletching
32:27 Bow Saw
36:25 Pikeman
38:13 Squires
40:14 Bodkin Arrow
40:54 Loom
40:55 Town Watch
43:04 Arson
43:39 Chain Mail Armor
45:52 Iron Casting
45:26 Town Patrol
50:20 Imperial Age
49:02 Elite Skirmisher
49:50 Padded Archer Armor
50:23 Northmen's Fury
51:21 Gold Mining
51:22 Stone Mining
51:29 Onager
53:49 Caravan
54:26 Ballistics
54:19 Siege Engineers
54:26 Masonry
54:32 Siege Onager
56:54 Leather Archer Armor
56:40 Bracer
57:09 Halberdier
60:28 Elite Varangian Guard
Connection lost

Rejoining the realm…

Still unreachable

The connection could not be restored.

Session expired

The server has moved on; the page needs a fresh start.